AoeStats
← Leão

Arena

506953512Analyzed
2v2 RM · 16d ago on Sep 15, 2026· 50m 49s· 4 players
Game mode
Random Map
Map size
Medium (4 player)
Population
200
Speed
Normal
Resources
Standard
Victory
Conquest
Starting age
Dark Age
Ending age
Imperial Age
RankedLock teamsTeams togetherTeam positionsShared explorationLock speedFull tech treeHidden civsTurbo modeCheats
Victory
Defeat
🇫🇮 Slavs · Finland
1392
+13
🇲🇦 Khmer · Morocco
1261
+19
🇧🇷 Teutons · Brazil
1364
-18
🇧🇷 Italians · Brazil
1281
-14
Leão
5:09 Loom
10:49 Feudal Age
14:57 Castle Age
13:04 Double-Bit Axe
13:08 Horse Collar
15:59 Bow Saw
16:51 Gold Mining
21:06 Wheelbarrow
21:24 Town Watch
21:48 Fletching
22:17 Heavy Plow
24:02 Bodkin Arrow
26:17 Hand Cart
26:31 Stone Mining
31:27 Imperial Age
29:23 Padded Archer Armor
30:22 Leather Archer Armor
30:31 Ballistics
30:59 Stone Shaft Mining
32:18 Bracer
32:49 Ring Archer Armor
33:23 Chemistry
32:46 Conscription
33:13 Elite Genoese Crossbowman
35:14 Two-Man Saw
35:22 Thumb Ring
39:54 Hoardings
39:42 Forging
39:32 Scale Mail Armor
40:42 Hoardings
42:43 Iron Casting
42:23 Chain Mail Armor
42:12 Squires
41:58 Arson
42:59 Masonry
45:19 Blast Furnace
44:50 Plate Mail Armor
wandersonkilim
10:13 Feudal Age
14:28 Castle Age
12:42 Double-Bit Axe
16:04 Bow Saw
20:15 Town Watch
24:22 Loom
24:37 Town Patrol
25:17 Wheelbarrow
26:04 Gold Mining
25:55 Horse Collar
27:21 Hand Cart
28:34 Scale Barding Armor
28:40 Forging
29:29 Bloodlines
29:40 Chain Barding Armor
32:08 Imperial Age
32:03 Stone Mining
33:14 Iron Casting
33:21 Sanctity
32:47 Cavalier
34:39 Two-Man Saw
34:15 Stone Shaft Mining
33:42 Heavy Plow
34:17 Block Printing
35:13 Plate Barding Armor
36:57 Blast Furnace
36:06 Paladin
KonnaIV
10:18 Feudal Age
12:01 Double-Bit Axe
14:52 Castle Age
13:23 Horse Collar
18:30 Bow Saw
19:57 Wheelbarrow
19:58 Town Watch
20:40 Loom
22:15 Hand Cart
24:57 Fletching
25:22 Forging
25:17 Gold Mining
25:17 Stone Mining
25:35 Scale Mail Armor
25:48 Scale Barding Armor
27:43 Gold Shaft Mining
30:27 Imperial Age
28:30 Heavy Plow
29:04 Chain Barding Armor
28:40 Bodkin Arrow
29:25 Iron Casting
28:46 Bodkin Arrow
29:22 Bloodlines
29:30 Husbandry
29:47 Detinets
30:20 Scale Mail Armor
30:18 Bodkin Arrow
30:28 Squires
29:50 Man-at-Arms
30:33 Town Patrol
30:48 Masonry
31:00 Ballistics
31:33 Conscription
30:52 Long Swordsman
30:56 Pikeman
31:40 Elite Boyar
33:43 Hoardings
33:03 Halberdier
34:52 Plate Barding Armor
34:32 Chain Mail Armor
36:53 Blast Furnace
35:25 Onager
38:55 Chemistry
38:05 Siege Onager
40:50 Siege Engineers
44:18 Druzhina
47:07 Plate Mail Armor
49:25 Murder Holes
Starrk
10:20 Feudal Age
13:55 Castle Age
12:10 Horse Collar
12:19 Double-Bit Axe
12:48 Horse Collar
21:00 Heavy Plow
24:16 Gold Mining
24:17 Stone Mining
24:38 Bow Saw
28:24 Imperial Age
26:55 Gold Shaft Mining
26:58 Scale Barding Armor
27:25 Husbandry
27:21 Loom
28:11 Wheelbarrow
28:14 Bloodlines
28:58 Chain Barding Armor
28:51 Town Watch
30:15 Chemistry
30:11 Conscription
31:24 Plate Barding Armor
31:46 Siege Engineers
32:45 Double Crossbow
33:37 Ballistics
33:30 Forging
33:11 Fletching
35:08 Town Patrol
34:47 Light Cavalry
35:16 Elite Ballista Elephant
40:50 Light Cavalry
42:10 Iron Casting
42:36 Hussar
44:42 Blast Furnace
51:28 Stone Shaft Mining
51:11 Hand Cart
Connection lost

Rejoining the realm…

Still unreachable

The connection could not be restored.

Session expired

The server has moved on; the page needs a fresh start.